 Dungeon Sprint DCSS version 0.23.2-1-ga50397a6bc (webtiles) character file.

Game seed: 8472313521465514717

6420 Kobolds4U the Fencer (level 10, -5/105 HPs)
             Began as a Minotaur Berserker on May 10, 2019.
             Was the Champion of Trog.
             Slain by an unseen horror (9 damage)
             ... in the Dungeon (Sprint I: "Red Sonja").
             The game lasted 00:03:38 (1687 turns).

Kobolds4U the Fencer (Minotaur Berserker)           Turns: 1687, Time: 00:03:38

Health: -5/105     AC:  6    Str: 22    XL:     10   Next: 66%
Magic:  3/3        EV: 17    Int:  4    God:    Trog [******]
Gold:   553        SH:  0    Dex: 13    Spells: 9/9 levels left

rFire    . . .     SeeInvis .   c - +2 great sword (antimagic)
rCold    . . .     Gourm    .   (shield currently unavailable)
rNeg     . . .     Faith    .   j - +0 scale mail
rPois    .         Spirit   .   (helmet restricted)
rElec    .         Reflect  .   (no cloak)
rCorr    .         Harm     .   (no gloves)
MR       .....     NoTele   +   (no boots)
Stlth    ..........             (no amulet)
HPRegen  0.27/turn              (no ring)
MPRegen  0.08/turn              (no ring)

@: no status effects
A: retaliatory headbutt, horns 2
a: Berserk, Trog's Hand, Brothers in Arms, Renounce Religion


You were in the Dungeon.
You worshipped Trog.
Trog was exalted by your worship.
You were not hungry.

You visited 1 branch You collected 553 gold pieces.

Inventory:

Hand Weapons
 a - a +0 falchion
 b - a +0 antimagic great sword
 c - a +2 antimagic great sword (weapon)
Armour
 j - a +0 scale mail (worn)
Scrolls
 i - a scroll of blinking
 k - a scroll of remove curse {unknown}
Potions
 d - a potion of curing
 e - a potion of heal wounds
 f - a potion of haste
 g - 2 potions of magic
 h - a potion of berserk rage


   Skills:
 + Level 15.1 Fighting
 * Level 20.0 Long Blades
 - Level 2.4 Armour
 + Level 13.9 Dodging


You had 9 spell levels left.
You didn't know any spells.
Your spell library was empty.

Dungeon Overview and Level Annotations

Branches:
Dungeon (1/1)

Altars:
Cheibriados
Dithmenos
Elyvilon
Fedhas
Gozag
Hepliaklqana
Kikubaaqudgha
Makhleb
Nemelex Xobeh
Okawaru
Qazlal
Ru
Sif Muna
Trog
Uskayaw
Vehumet
Wu Jian
Xom
Yredelemnul
Zin
The Shining One
Jiyva
Lugonu

Shops:
D (


Innate Abilities, Weirdness & Mutations

You reflexively headbutt those who attack you in melee.
You have a pair of horns on your head.


Message History

You chop something into pieces!!! Trog accepts your kill.
Reactivating autopickup.
Your Fighting skill increases to level 15!
Your Long Blades skill increases to level 20!
You feel a bit more experienced. Something hits you.
* * * LOW HITPOINT WARNING * * *
Deactivating autopickup; reactivate with Ctrl-A.
Something hits you.
* * * LOW HITPOINT WARNING * * *
You miss something. Something hits you.
* * * LOW HITPOINT WARNING * * *
Something hits you.
* * * LOW HITPOINT WARNING * * *
You hit something but do no damage. You headbutt something!
Something hits you but does no damage.
You slice something!! Something hits you.
* * * LOW HITPOINT WARNING * * *
Something hits you!
You die...

.'..#§#
##§..##
##
##..§.#
###§#
?$##
#+####
#§##$$$#
#§.###$#
##.#A#$#
#..###$#
#.##..$#
#..#+###
##..@#
###.#
#.# #.#
#+#


There were no monsters in sight!

Vanquished Creatures
  4 unseen horrors (D)
  A lindwurm (D)
  2 kobold demonologists (D)
  3 demonic crawlers (D)
  A slime creature (D)
  Sigmund (D)
  A yak (D)
  13 hogs (D)
  A floating eye (D)
  An ogre (D)
  A jelly (D)
  Ijyb (D)
30 creatures vanquished.

Vanquished Creatures (collateral kills)
  A demonic crawler (D)
1 creature vanquished.

Vanquished Creatures (others)
  A gargoyle (D)
1 creature vanquished.

Grand Total: 32 creatures vanquished

Notes
Turn   | Place    | Note
-------+----------+-------------------------------------------
     0 | D        | Kobolds4U the Minotaur Berserker began the quest for the
                  | Orb.
     0 | D        | Reached XP level 1. HP: 19/19 MP: 0/0
     1 | D        | Noticed Ijyb
    18 | D        | Killed Ijyb
    18 | D        | Reached skill level 5 in Fighting
    18 | D        | Reached skill level 6 in Long Blades
    18 | D        | Reached XP level 2. HP: 27/29 MP: 1/1
   148 | D        | Noticed an ogre
   152 | D        | Killed an ogre
   152 | D        | Reached skill level 8 in Long Blades
   152 | D        | Reached skill level 5 in Dodging
   152 | D        | Reached XP level 3. HP: 38/38 MP: 2/2
   152 | D        | Reached XP level 4. HP: 45/45 MP: 3/3
   214 | D        | Noticed Sigmund
   229 | D        | Killed Sigmund
   229 | D        | Reached ** piety under Trog
   229 | D        | Reached skill level 10 in Long Blades
   229 | D        | Reached XP level 5. HP: 24/53 MP: 4/4
   405 | D        | Found an ornate altar of the Wu Jian Council.
   405 | D        | Found a deep blue altar of Sif Muna.
   407 | D        | Found a radiant altar of Vehumet.
   411 | D        | Reached skill level 11 in Long Blades
   411 | D        | Reached XP level 6. HP: 56/62 MP: 5/5
   438 | D        | Found Zuoschyez's Antique Weapon Emporium.
   438 | D        | Found an ancient bone altar of Kikubaaqudgha.
   438 | D        | Found a hazy altar of Hepliaklqana.
   438 | D        | Found a stormy altar of Qazlal.
   438 | D        | Found a hide-covered altar of Uskayaw.
   438 | D        | Found a blossoming altar of Fedhas.
   438 | D        | Found a bloodstained altar of Trog.
   438 | D        | Found an iron altar of Okawaru.
   438 | D        | Found a basalt altar of Yredelemnul.
   438 | D        | Found a glowing golden altar of the Shining One.
   438 | D        | Found a snail-covered altar of Cheibriados.
   438 | D        | Found a sacrificial altar of Ru.
   438 | D        | Found a glowing silver altar of Zin.
   438 | D        | Found a shadowy altar of Dithmenos.
   438 | D        | Found a white marble altar of Elyvilon.
   438 | D        | Noticed a yak
   444 | D        | Killed a yak
   444 | D        | Reached skill level 12 in Long Blades
   445 | D        | Found an opulent altar of Gozag.
   446 | D        | Found a sparkling altar of Nemelex Xobeh.
   521 | D        | Found a viscous altar of Jiyva.
   521 | D        | Found a corrupted altar of Lugonu.
   521 | D        | Noticed a slime creature
   522 | D        | Found a burning altar of Makhleb.
   522 | D        | Found a shimmering altar of Xom.
   531 | D        | Killed a slime creature
   531 | D        | Reached *** piety under Trog
   531 | D        | Reached skill level 10 in Fighting
   531 | D        | Reached skill level 13 in Long Blades
   531 | D        | Reached XP level 7. HP: 36/72 MP: 6/6
   703 | D        | Noticed a kobold demonologist
   703 | D        | Noticed a kobold demonologist
   714 | D        | Killed a kobold demonologist
   714 | D        | Reached skill level 14 in Long Blades
   717 | D        | Killed a kobold demonologist
   717 | D        | Reached **** piety under Trog
   717 | D        | Reached skill level 15 in Long Blades
   717 | D        | Reached skill level 10 in Dodging
   717 | D        | Reached XP level 8. HP: 82/82 MP: 7/7
   764 | D        | Killed a gargoyle
   872 | D        | Noticed a demonic crawler
   872 | D        | Noticed a demonic crawler
   872 | D        | Noticed a demonic crawler
   872 | D        | Noticed a demonic crawler
   878 | D        | Killed a demonic crawler
   878 | D        | Killed a demonic crawler
   882 | D        | Killed a demonic crawler
   882 | D        | Reached skill level 16 in Long Blades
   887 | D        | Killed a demonic crawler
   887 | D        | Reached XP level 9. HP: 72/91 MP: 8/8
  1056 | D        | Noticed a lindwurm
  1062 | D        | Killed a lindwurm
  1062 | D        | Reached skill level 17 in Long Blades
  1259 | D        | Reached ***** piety under Trog
  1284 | D        | Received a gift from Trog
  1285 | D        | Reached skill level 18 in Long Blades
  1302 | D        | Reached XP level 10. HP: 15/103 MP: 3/9
  1307 | D        | Reached ****** piety under Trog
  1307 | D        | Received a gift from Trog
  1663 | D        | Noticed a daeva
  1666 | D        | Noticed an unseen horror
  1666 | D        | Noticed an unseen horror
  1668 | D        | Killed an unseen horror
  1668 | D        | Reached skill level 19 in Long Blades
  1668 | D        | Noticed an unseen horror
  1669 | D        | Killed an unseen horror
  1669 | D        | Noticed an unseen horror
  1670 | D        | Killed an unseen horror
  1683 | D        | Killed an unseen horror
  1683 | D        | Reached skill level 15 in Fighting
  1683 | D        | Reached skill level 20 in Long Blades
  1685 | D        | HP: 5/105 [something (1)]
  1687 | D        | Slain by an unseen horror

Skill      XL: |  1  2  3  4  5  6  7  8  9 10 |
---------------+-------------------------------+-----
Fighting       | 5 6 8 10 11 12 14 15 | 15.1
Long Blades    | 6 8 10 11 13 15 16 18 20 | 20.0
Dodging        | 3 5 7 8 10 11 12 13 | 13.9
Armour         | |  2.4

Action                   |  1- 3 |  4- 6 |  7- 9 | 10-12 || total
-------------------------+-------+-------+-------+-------++-------
Melee: Falchion          |    19 |    32 |    54 |       ||   105
       Headbutt          |     3 |     9 |    25 |     3 ||    40
       Great sword       |       |       |    15 |    18 ||    33
Invok: Berserk           |     1 |       |     2 |       ||     3
       Brothers in Arms  |       |       |     1 |       ||     1
  Eat: Ration            |       |       |     1 |       ||     1
       Chunk             |       |       |       |     2 ||     2
Armor: Skin              |     7 |       |       |       ||     7
       Scale mail        |       |     3 |    15 |     3 ||    21
Dodge: Dodged            |     2 |     8 |    45 |    12 ||    67
       Rpst.: Falchion   |       |     3 |     7 |       ||    10
       Great sword       |       |       |       |     3 ||     3
